 Dungeon Crawl Stone Soup version 0.29.0-4-gdea44cf6ec (webtiles) character file.

Game seed: 8145678292818196047

135 qw the Chopper (level 5, -3/32 HPs)
             Began as a Gargoyle Fighter on Sept 10, 2022.
             Slain by a gnoll
             ... wielding a +0 spear
              (5 damage)
             ... on level 3 of the Dungeon.
             The game lasted 00:00:55 (2518 turns).

qw the Chopper (Gargoyle Fighter)                   Turns: 2518, Time: 00:00:56

Health: -3/32      AC: 13    Str: 20 (21) XL:     5   Next: 18%
Magic:  5/5        EV:  7    Int:  7 (9)  God:
Gold:   189        SH:  9    Dex:  8 (9)  Spells: 4/4 levels left

rFire   . . .      SeeInvis .   Y - +2 war axe
rCold   . . .      Faith    .   c - +0 buckler
rNeg    + . .      Spirit   .   g - +0 chain mail
rPois   inf        Reflect  +   (no helmet)
rElec   +          Harm     .   (no cloak)
rCorr   .          Rampage  .   (no gloves)
Will    .....                   (no boots)
Stlth   ..........              h - amulet of reflection
HPRegen 0.10/turn               (no ring)
MPRegen 0.09/turn               (no ring)

@: no status effects
A: sickness immunity, AC +4, negative energy resistance 1, electricity
resistance, torment resistance 1, petrification resistance
a: no special abilities


You were on level 3 of the Dungeon.
You visited 1 branch of the dungeon, and saw 4 of its levels.

You collected 189 gold pieces.


Innate Abilities, Weirdness & Mutations

You are immune to sickness and miasma.
Your stone body is resilient. (AC +4)
You are immune to poison.
You resist negative energy. (rN+)
You are resistant to electric shocks. (rElec)
You are resistant to unholy torment.
You are immune to petrification.


   Skills:
 - Level 3.2 Fighting
 + Level 4.7 Axes
 - Level 3.2 Armour
 - Level 3.2 Shields


You had 4 spell levels left.
You didn't know any spells.
Your spell library was empty.

Inventory:

Hand Weapons
 e - a +0 flail
 Y - a +2 war axe (weapon)
Armour
 c - a +0 buckler (worn)
 g - a +0 chain mail (worn)
Jewellery
 h - an amulet of reflection (around neck)
Potions
 d - a potion of might
 f - a potion of mutation {unknown}
 j - a potion of cancellation {unknown}
 l - a potion of curing {unknown}

Dungeon Overview and Level Annotations

Branches:
Dungeon (4/15)
 Temple: D:4-7

Altars:

Annotations:
D:4 Grinder


Message History

A gnoll comes into view. It is wielding a +0 spear.
2504 ||| Stepping ~*~*~tactically~*~*~ (stealth).
The gnoll moves out of view.
The gnoll shouts!
You hear a shout!
2506 ||| Stepping ~*~*~tactically~*~*~ (hiding).
You start waiting.
A gnoll is nearby!
You closely miss the gnoll. You block the gnoll's attack.
The gnoll hits you but does no damage.
You barely miss the gnoll. The gnoll hits you with a +0 flail.
The gnoll hits you but does no damage.
You hit the gnoll.
The gnoll is moderately wounded.
The gnoll hits you with a +0 flail! You block the gnoll's attack.
You hit the gnoll.
The gnoll is moderately wounded.
The gnoll hits you with a +0 flail. The gnoll hits you but does no damage.
You block the gnoll's attack. The gnoll barely misses you.
You hit the gnoll but do no damage.
The gnoll is moderately wounded.
The gnoll hits you but does no damage. x2
You barely miss the gnoll.
The gnoll is moderately wounded.
You block the gnoll's attack.
The gnoll hits you from afar with a +0 spear.
You closely miss the gnoll.
The gnoll is moderately wounded.
The gnoll hits you with a +0 flail! You block the gnoll's attack.
The gnoll barely misses you. The gnoll hits you but does no damage.
You closely miss the gnoll.
The gnoll is moderately wounded.
The gnoll barely misses you. x2
You closely miss the gnoll.
The gnoll is moderately wounded.
The gnoll hits you but does no damage. The gnoll misses you.
You barely miss the gnoll.
The gnoll is moderately wounded.
The gnoll completely misses you.
The gnoll hits you from afar with a +0 spear.
You die...

#.#.#......#.##
#)#.#......'..##
#>#.PP..)P.'...#
#.#.P......#.#.#
#.#.....P.PP.#.####
#.%.#.###.##......## #########
###..........###.#.###.....)..
#####.###.###.###.........##
#.# #.g@..%#...#.####... #
#g#####.##.#.# . #. ####.#.#
#g #.#.# #. #.#.# #. #.#.# #g
#.... #g ...


You could see 2 gnolls.

Vanquished Creatures
  4 gnolls
  4 adders (D:2)
  3 dart slugs
  2 orcs
  3 bats
  6 endoplasms
  A giant cockroach (D:1)
  7 goblins
  3 hobgoblins
  4 jackals (D:1)
  3 kobolds
  2 quokkas
  4 ball pythons
  4 frilled lizards
  4 rats
54 creatures vanquished.

Notes
Turn   | Place    | Note
-------+----------+-------------------------------------------
     0 | D:1      | qw the Gargoyle Fighter began the quest for the Orb.
     0 | D:1      | Reached XP level 1. HP: 14/14 MP: 1/1
     0 | D:1      | 0 ||| qw: Version: 0.1-a-116-g5d60599
     0 | D:1      | 0 ||| qw: Game counter: 7452
     0 | D:1      | 0 ||| qw: Always use a shield: true
     0 | D:1      | 0 ||| qw: God list: Okawaru
     0 | D:1      | 0 ||| qw: Allow faded altars: false
     0 | D:1      | 0 ||| qw: Do Orc after D:15 true
     0 | D:1      | 0 ||| qw: Do second Lair branch before Depths: true
     0 | D:1      | 0 ||| qw: Lair rune preference: random
     0 | D:1      | 0 ||| qw: Plans: Normal, Zot, God:TSO, Crypt, Tomb, Zig,
                  | Orb
     0 | D:1      | 0 ||| PLANNING D:1-11
    49 | D:1      | Reached skill level 2 in Axes
   193 | D:1      | Reached XP level 2. HP: 14/19 MP: 2/2
   470 | D:1      | 470 ||| Stepping ~*~*~tactically~*~*~ (stealth).
   472 | D:1      | 472 ||| Stepping ~*~*~tactically~*~*~ (stealth).
   477 | D:1      | Reached skill level 3 in Axes
   486 | D:1      | Reached XP level 3. HP: 22/23 MP: 3/3
   913 | D:1      | 913 ||| DROPPING +0 ring mail of positive energy.
   914 | D:1      | 914 ||| READING scroll labelled KIDGHI CUMAZO.
   915 | D:1      | 915 ||| READING scroll labelled MAYXOFR UNIKLET.
   916 | D:1      | 916 ||| READING scroll labelled DIPOOF ISAOC.
   919 | D:1      | 919 ||| READING scroll labelled ERGHOP MEEWIYMN.
   920 | D:1      | 920 ||| READING scroll labelled XOVO LUETAYT.
   921 | D:1      | 921 ||| READING scroll labelled OGUNLU RUVORGHI.
   971 | D:2      | 971 ||| Stepping ~*~*~tactically~*~*~ (stealth).
  1268 | D:2      | Reached XP level 4. HP: 16/28 MP: 4/4
  1271 | D:2      | Reached skill level 4 in Axes
  1439 | D:2      | 1439 ||| DROPPING +1 whip of draining.
  1484 | D:2      | 1484 ||| Stepping ~*~*~tactically~*~*~ (hiding).
  1543 | D:2      | 1543 ||| Stepping ~*~*~tactically~*~*~ (hiding).
  1545 | D:2      | 1545 ||| Stepping ~*~*~tactically~*~*~ (hiding).
  1751 | D:2      | 1751 ||| READING scroll of enchant weapon.
  1751 | D:2      | 1751 ||| ENCHANTING +1 war axe.
  1876 | D:2      | You fall into a shaft and drop 2 floors!
  1988 | D:4      | Reached XP level 5. HP: 29/32 MP: 5/5
  2077 | D:4      | Noticed Grinder
  2082 | D:4      | Paralysed by Grinder for 4 turns
  2086 | D:4      | HP: 6/32 [Grinder (3)]
  2087 | D:4      | 2087 ||| READING 2 scrolls of teleportation.
  2105 | D:4      | 2105 ||| Stepping ~*~*~tactically~*~*~ (stealth).
  2109 | D:4      | 2109 ||| READING scroll of teleportation.
  2110 | D:4      | HP: 5/32 [frozen (3)]
  2381 | D:4      | 2381 ||| UPGRADING to +0 chain mail.
  2391 | D:4      | 2391 ||| DROPPING +0 scale mail.
  2392 | D:4      | 2392 ||| UPGRADING to amulet of reflection.
  2397 | D:4      | 2397 ||| READING scroll labelled USUSEE ZOJUSAD.
  2398 | D:4      | 2398 ||| READING scroll labelled MAREIMAXUM.
  2399 | D:4      | 2399 ||| DRINKING 2 golden potions.
  2409 | D:4      | 2409 ||| FLEEEEING.
  2410 | D:4      | 2410 ||| FLEEEEING.
  2443 | D:4      | 2443 ||| DROPPING potion of degeneration.
  2504 | D:3      | 2504 ||| Stepping ~*~*~tactically~*~*~ (stealth).
  2506 | D:3      | 2506 ||| Stepping ~*~*~tactically~*~*~ (hiding).
  2515 | D:3      | HP: 1/32 [gnoll/+0 flail (8)]
  2518 | D:3      | Slain by a gnoll

Levels and vault maps discovered:
D:1:      nzn_arrival_water_spiral, layout_basic, serial_glass, glass_columns_a,
          glass_columns_a, st_stairs_4, palyth_stone_intersect
D:2:      layout_loops_ring
D:3:      cheibrodos_old_hovel, layout_loops_ring,
          hellmonk_ecumenical_altar_leap_of_faith
D:4:      layout_layer_cave, kennysheep_little_box, uniq_grinder

Skill      XL: |  1  2  3  4 |
---------------+-------------+-----
Axes           | 2 3 4 |  4.7
Fighting       | |  3.2
Armour         | |  3.2
Shields        | |  3.2

Action                   |  1- 3 |  4- 6 || total
-------------------------+-------+-------++-------
Melee: War axe           |    97 |    87 ||   184
  Use: Scroll            |     6 |     5 ||    11
       Potion            |       |     1 ||     1
Armor: Scale mail        |    54 |    31 ||    85
       Chain mail        |       |    11 ||    11
Dodge: Dodged            |    44 |    46 ||    90
Block: Buckler           |    22 |    15 ||    37

Table legend:
 A = Non-vault XP
 B = Vault XP
 C = Vault XP percentage of total XP
 D = Non-vault monster count
 E = Vault monster count
 F = Vault count percentage of total count
                 A         B        C        D         E       F
            +---------+---------+-------+---------+---------+-------
      Total |     191 |       3 |   1.5 |      52 |       2 |   3.7
            +---------+---------+-------+---------+---------+-------
        D:1 |      39 |       2 |   4.9 |      22 |       1 |   4.3
        D:2 |     119 |       0 |   0.0 |      20 |       0 |   0.0
        D:3 |       5 |       1 |  16.7 |       2 |       1 |  33.3
        D:4 |      28 |       0 |   0.0 |       8 |       0 |   0.0
            +---------+---------+-------+---------+---------+-------
